[ AOE2 MATCH · #458025006 ]
Team RMInca vs Poles
[ REPLAY ANALYSIS · EXTRACTED FROM THE RECORDED GAME ]
Feudal
9:21
Castle
23:29
Imperial
—
| APM avg | 39.9 |
| APM peak | 91 |
| eAPM avg | 16.3 |
| Villagers / military | 88 / 66 |
Focus
⚔️ 39.2% · 🌾 60.8%
Skirmisher ×52 · Spearman ×11 · Unknown (2550) ×11 · Monk ×3
Feudal
9:43
Castle
21:41
Imperial
36:49
| APM avg | 31.9 |
| APM peak | 73 |
| eAPM avg | 15.5 |
| Villagers / military | 129 / 123 |
Focus
⚔️ 24.3% · 🌾 75.7%
Knight ×112 · Scout Cavalry ×10 · Monk ×1
Feudal
9:42
Castle
21:16
Imperial
36:56
| APM avg | 45.2 |
| APM peak | 99 |
| eAPM avg | 19.0 |
| Villagers / military | 121 / 76 |
Focus
⚔️ 33.1% · 🌾 66.9%
Archer ×33 · Skirmisher ×33 · Battering Ram ×4 · Militia ×3 · Trebuchet (Packed) ×3
Feudal
10:17
Castle
24:38
Imperial
38:00
| APM avg | 26.8 |
| APM peak | 49 |
| eAPM avg | 15.3 |
| Villagers / military | 96 / 106 |
Focus
⚔️ 26.7% · 🌾 73.3%
Skirmisher ×64 · Scout Cavalry ×24 · Kipchak ×9 · Trebuchet (Packed) ×7 · Archer ×2
Feudal
9:41
Castle
25:28
Imperial
—
| APM avg | 41.1 |
| APM peak | 102 |
| eAPM avg | 16.8 |
| Villagers / military | 118 / 67 |
Focus
⚔️ 33.1% · 🌾 66.9%
Bolas Rider ×63 · Unknown (2550) ×50 · Spearman ×4
Feudal
10:24
Castle
13:51
Imperial
34:58
| APM avg | 62.1 |
| APM peak | 118 |
| eAPM avg | 24.6 |
| Villagers / military | 159 / 98 |
Focus
⚔️ 22.1% · 🌾 77.9%
Knight ×95 · Camel Scout ×3
Feudal
10:17
Castle
25:00
Imperial
41:42
| APM avg | 39.1 |
| APM peak | 67 |
| eAPM avg | 17.4 |
| Villagers / military | 117 / 115 |
Focus
⚔️ 32.3% · 🌾 67.7%
Archer ×101 · Mangonel ×9 · Militia ×4 · Spearman ×1
Feudal
10:51
Castle
22:21
Imperial
—
| APM avg | 30.1 |
| APM peak | 84 |
| eAPM avg | 13.7 |
| Villagers / military | 128 / 60 |
Focus
⚔️ 23.1% · 🌾 76.9%
Knight ×48 · Scout Cavalry ×9 · Spearman ×3
Match map
Initial resources + every placement click. Lines = walls · curves = elevation contours. ◆ gold · ⬟ stone · ● berries · ✦ relic · ◌ wall gap
Inputs per minute
— Confiturier - - GdR_Salinaro
Build order — Confiturier
First 150 of 233 actions detected
| 0:00 | Create | Villager (Male) |
| 0:01 | Create | Villager (Male) |
| 0:01 | Create | Villager (Male) |
| 0:02 | Build | House |
| 0:03 | Build | House |
| 0:21 | Create | Villager (Male) |
| 1:29 | Create | Villager (Male) |
| 2:03 | Build | Settlement |
| 2:06 | Create | Villager (Male) |
| 2:34 | Create | Villager (Male) |
| 2:56 | Create | Villager (Male) |
| 2:56 | Create | Villager (Male) |
| 3:42 | Create | Villager (Male) |
| 3:42 | Create | Villager (Male) |
| 4:35 | Create | Villager (Male) |
| 5:06 | Create | Villager (Male) |
| 5:19 | Create | Villager (Male) |
| 5:23 | Build | Barracks |
| 5:44 | Create | Villager (Male) |
| 6:05 | Create | Villager (Male) |
| 6:37 | Research | Loom |
| 6:52 | Build | Settlement |
| 7:05 | Research | Feudal Age |
| 7:30 | Create | Unit 2550 |
| 7:43 | Create | Unit 2550 |
| 8:02 | Create | Unit 2550 |
| 8:12 | Build | Settlement |
| 9:21 | Age | Feudal Age |
| 9:26 | Research | Tech 1402 |
| 9:29 | Create | Villager (Male) |
| 9:41 | Create | Villager (Male) |
| 9:46 | Build | Farm |
| 9:46 | Build | Farm |
| 9:47 | Build | Farm |
| 10:19 | Create | Villager (Male) |
| 10:21 | Build | Farm |
| 10:22 | Build | Farm |
| 10:24 | Create | Villager (Male) |
| 10:58 | Create | Villager (Male) |
| 10:59 | Build | Farm |
| 11:00 | Build | Farm |
| 11:01 | Create | Unit 2550 |
| 11:18 | Create | Unit 2550 |
| 11:21 | Build | Farm |
| 11:30 | Create | Villager (Male) |
| 11:33 | Build | Farm |
| 11:55 | Create | Villager (Male) |
| 11:57 | Create | Unit 2550 |
| 12:27 | Create | Villager (Male) |
| 12:49 | Create | Villager (Male) |
| 12:51 | Create | Unit 2550 |
| 13:04 | Create | Unit 2550 |
| 13:20 | Create | Villager (Male) |
| 13:22 | Create | Unit 2550 |
| 13:35 | Build | Blacksmith |
| 13:39 | Research | Horse Collar |
| 13:43 | Research | Double-Bit Axe |
| 13:48 | Create | Villager (Male) |
| 14:19 | Create | Villager (Male) |
| 14:22 | Research | Scale Mail Armor |
| 14:31 | Build | House |
| 14:32 | Create | Villager (Male) |
| 14:35 | Build | Farm |
| 14:38 | Build | Farm |
| 14:39 | Build | Farm |
| 14:40 | Build | Farm |
| 14:51 | Create | Unit 2550 |
| 15:09 | Create | Villager (Male) |
| 15:11 | Build | Farm |
| 15:17 | Create | Unit 2550 |
| 15:24 | Research | Arson |
| 15:30 | Build | Archery Range |
| 15:35 | Research | Horse Collar |
| 15:50 | Build | Farm |
| 15:51 | Build | Farm |
| 15:56 | Create | Villager (Male) |
| 16:18 | Build | Farm |
| 16:21 | Create | Spearman |
| 16:28 | Create | Villager (Male) |
| 17:05 | Create | Villager (Male) |
| 17:21 | Create | Skirmisher |
| 17:21 | Create | Villager (Male) |
| 17:28 | Build | Watch Tower |
| 17:32 | Create | Spearman |
| 17:46 | Create | Spearman |
| 17:56 | Create | Spearman |
| 18:07 | Create | Villager (Male) |
| 18:48 | Create | Spearman |
| 18:57 | Create | Spearman |
| 18:58 | Create | Villager (Male) |
| 19:01 | Build | Farm |
| 19:24 | Create | Villager (Male) |
| 19:41 | Build | Market |
| 19:43 | Create | Villager (Male) |
| 19:54 | Create | Skirmisher |
| 20:04 | Build | Farm |
| 20:25 | Build | Farm |
| 20:28 | Build | House |
| 20:30 | Build | Palisade Wall |
| 20:47 | Create | Villager (Male) |
| 20:47 | Build | Farm |
| 20:49 | Research | Castle Age |
| 21:02 | Create | Skirmisher |
| 21:04 | Create | Spearman |
| 21:09 | Build | House |
| 21:11 | Build | House |
| 21:16 | Build | Farm |
| 21:18 | Build | Farm |
| 21:18 | Build | Farm |
| 21:48 | Create | Villager (Male) |
| 21:59 | Build | House |
| 22:08 | Create | Spearman |
| 22:18 | Build | Farm |
| 22:19 | Build | Farm |
| 22:21 | Create | Spearman |
| 22:23 | Create | Skirmisher |
| 22:42 | Research | Forging |
| 22:54 | Build | Archery Range |
| 23:29 | Age | Castle Age |
| 23:37 | Research | Pikeman (upgrade) |
| 23:39 | Research | Elite Skirmisher (upgrade) |
| 23:42 | Build | University |
| 23:46 | Create | Skirmisher |
| 24:05 | Create | Villager (Male) |
| 24:14 | Research | Squires |
| 24:14 | Create | Villager (Male) |
| 24:16 | Build | Farm |
| 24:18 | Research | Thumb Ring |
| 24:30 | Create | Villager (Male) |
| 24:31 | Create | Villager (Male) |
| 24:45 | Create | Skirmisher ×4 |
| 25:24 | Create | Villager (Male) |
| 25:31 | Build | Farm |
| 25:35 | Create | Villager (Male) |
| 25:46 | Create | Skirmisher ×4 |
| 25:52 | Build | House |
| 25:53 | Build | Palisade Wall |
| 25:55 | Build | Palisade Wall |
| 26:00 | Build | Palisade Wall |
| 26:09 | Create | Skirmisher ×2 |
| 26:38 | Build | Palisade Wall |
| 26:43 | Create | Villager (Male) |
| 26:52 | Create | Villager (Male) |
| 26:53 | Create | Villager (Male) |
| 26:57 | Create | Skirmisher ×5 |
| 27:00 | Research | Fletching |
| 27:01 | Research | Padded Archer Armor |
| 27:05 | Build | Palisade Wall |
| 27:23 | Create | Villager (Male) |
| 27:37 | Create | Villager (Male) |
Build order — GdR_Salinaro
First 150 of 362 actions detected
| 0:02 | Create | Villager (Male) |
| 0:03 | Create | Villager (Male) |
| 0:04 | Build | House |
| 0:05 | Build | House |
| 0:32 | Create | Villager (Male) |
| 0:32 | Create | Villager (Male) |
| 1:27 | Create | Villager (Male) |
| 1:50 | Build | Lumber Camp |
| 2:01 | Create | Villager (Male) |
| 2:29 | Create | Villager (Male) |
| 2:51 | Create | Villager (Male) |
| 3:07 | Create | Villager (Male) |
| 3:40 | Research | Loom |
| 4:07 | Create | Villager (Male) |
| 4:24 | Build | House |
| 4:30 | Create | Villager (Male) |
| 4:54 | Create | Villager (Male) |
| 5:03 | Create | Villager (Male) |
| 5:15 | Create | Villager (Male) |
| 5:16 | Create | Villager (Male) |
| 5:25 | Create | Villager (Male) |
| 5:46 | Create | Villager (Male) |
| 6:00 | Create | Villager (Male) |
| 6:03 | Build | Mill |
| 6:44 | Build | House |
| 7:02 | Create | Villager (Male) |
| 7:27 | Research | Feudal Age |
| 7:50 | Build | House |
| 8:32 | Build | Barracks |
| 8:49 | Create | Villager (Male) |
| 9:33 | Build | House |
| 9:43 | Age | Feudal Age |
| 9:44 | Research | Double-Bit Axe |
| 9:53 | Build | Stable |
| 9:58 | Create | Villager (Male) |
| 10:05 | Research | Horse Collar |
| 10:17 | Create | Villager (Male) |
| 10:22 | Build | Farm |
| 10:36 | Build | Farm |
| 10:39 | Create | Villager (Male) |
| 10:51 | Build | Palisade Wall |
| 10:57 | Build | Farm |
| 11:01 | Create | Villager (Male) |
| 11:07 | Build | Farm |
| 11:10 | Create | Scout Cavalry |
| 11:10 | Create | Scout Cavalry |
| 11:28 | Build | Mining Camp |
| 11:30 | Create | Villager (Male) |
| 11:37 | Build | Farm |
| 11:39 | Create | Villager (Male) |
| 11:44 | Create | Scout Cavalry |
| 11:53 | Build | Farm |
| 12:05 | Create | Scout Cavalry |
| 12:24 | Create | Villager (Male) |
| 12:28 | Build | Farm |
| 12:36 | Build | House |
| 12:38 | Build | Palisade Wall |
| 12:50 | Create | Scout Cavalry |
| 12:53 | Create | Villager (Male) |
| 13:01 | Build | Blacksmith |
| 13:05 | Build | House |
| 13:10 | Create | Villager (Male) |
| 13:35 | Build | Mill |
| 13:49 | Build | Farm |
| 13:51 | Create | Villager (Male) |
| 13:56 | Create | Scout Cavalry |
| 13:58 | Create | Villager (Male) |
| 14:01 | Build | Farm |
| 14:08 | Build | Farm |
| 14:13 | Build | Farm |
| 14:20 | Create | Scout Cavalry |
| 14:23 | Build | Farm |
| 14:36 | Create | Villager (Male) |
| 14:41 | Research | Bloodlines |
| 14:50 | Build | House |
| 14:51 | Build | House |
| 14:52 | Build | House |
| 14:56 | Create | Villager (Male) |
| 15:00 | Build | Farm |
| 15:05 | Build | Farm |
| 15:07 | Create | Villager (Male) |
| 15:15 | Research | Forging |
| 15:24 | Build | Farm |
| 15:33 | Build | Farm |
| 15:35 | Create | Villager (Male) |
| 15:39 | Build | Farm |
| 15:43 | Create | Villager (Male) |
| 16:03 | Create | Villager (Male) |
| 16:13 | Build | House |
| 16:14 | Build | House |
| 16:28 | Create | Villager (Male) |
| 17:01 | Build | Farm |
| 17:05 | Build | Farm |
| 17:07 | Create | Villager (Male) |
| 17:15 | Build | Palisade Wall |
| 17:19 | Create | Villager (Male) |
| 17:20 | Build | Farm |
| 18:14 | Create | Villager (Male) |
| 18:34 | Build | Farm |
| 19:01 | Research | Castle Age |
| 20:30 | Build | House |
| 20:40 | Build | House |
| 20:53 | Create | Scout Cavalry |
| 20:53 | Create | Scout Cavalry |
| 20:53 | Create | Scout Cavalry |
| 21:01 | Research | Scale Barding Armor |
| 21:11 | Build | House |
| 21:20 | Build | Lumber Camp |
| 21:31 | Build | Palisade Gate |
| 21:39 | Build | House |
| 21:41 | Age | Castle Age |
| 21:51 | Build | Town Center |
| 21:56 | Create | Villager (Male) |
| 22:02 | Build | House |
| 22:09 | Research | Husbandry |
| 22:23 | Research | Wheelbarrow |
| 22:28 | Build | Farm |
| 22:29 | Build | Farm |
| 22:32 | Create | Knight ×5 |
| 22:39 | Build | Farm |
| 22:40 | Build | Farm |
| 22:41 | Build | Farm |
| 22:42 | Build | Farm |
| 22:43 | Build | Farm |
| 22:59 | Create | Knight ×2 |
| 23:20 | Build | Stable |
| 23:23 | Create | Villager (Male) |
| 23:33 | Build | Farm |
| 23:35 | Build | Farm |
| 23:37 | Build | Farm |
| 23:48 | Create | Villager (Male) |
| 23:48 | Create | Villager (Male) |
| 23:49 | Create | Villager (Male) |
| 23:49 | Create | Villager (Male) |
| 24:13 | Create | Knight |
| 24:13 | Create | Knight |
| 24:23 | Build | Farm |
| 24:25 | Build | Farm |
| 24:35 | Build | Monastery |
| 24:48 | Create | Villager (Male) |
| 24:48 | Create | Villager (Male) |
| 24:48 | Create | Villager (Male) |
| 24:49 | Create | Villager (Male) |
| 25:01 | Build | House |
| 25:03 | Build | House |
| 25:47 | Create | Villager (Male) |
| 25:48 | Create | Villager (Male) |
| 25:48 | Create | Villager (Male) |
| 25:48 | Create | Villager (Male) |
| 25:49 | Create | Villager (Male) |
Build order — Chili
First 150 of 331 actions detected
| 0:01 | Create | Villager (Male) |
| 0:02 | Create | Villager (Male) |
| 0:03 | Build | House |
| 0:04 | Build | House |
| 0:05 | Create | Villager (Male) |
| 0:08 | Create | Villager (Male) |
| 1:27 | Create | Villager (Male) |
| 1:49 | Build | Lumber Camp |
| 1:52 | Create | Villager (Male) |
| 2:25 | Create | Villager (Male) |
| 2:42 | Create | Villager (Male) |
| 3:09 | Create | Villager (Male) |
| 3:29 | Create | Villager (Male) |
| 3:40 | Build | House |
| 3:41 | Build | House |
| 3:58 | Create | Villager (Male) |
| 4:26 | Create | Villager (Male) |
| 4:32 | Create | Villager (Male) |
| 4:53 | Build | Palisade Wall |
| 5:18 | Build | Barracks |
| 5:23 | Create | Villager (Male) |
| 5:25 | Create | Villager (Male) |
| 5:38 | Create | Villager (Male) |
| 6:12 | Create | Villager (Male) |
| 6:17 | Research | Loom |
| 7:31 | Research | Feudal Age |
| 7:40 | Build | Mining Camp |
| 7:56 | Create | Militia |
| 8:28 | Create | Militia |
| 8:48 | Create | Militia |
| 9:16 | Create | Villager (Male) |
| 9:42 | Age | Feudal Age |
| 9:43 | Build | Archery Range |
| 9:45 | Build | House |
| 10:41 | Research | Man-at-Arms (upgrade) |
| 10:54 | Build | Mill |
| 11:05 | Create | Archer |
| 11:06 | Create | Archer |
| 11:20 | Create | Villager (Male) |
| 11:37 | Create | Villager (Male) |
| 12:13 | Create | Villager (Male) |
| 12:16 | Build | Farm |
| 12:16 | Build | Farm |
| 12:17 | Build | Farm |
| 12:38 | Create | Villager (Male) |
| 12:43 | Build | Farm |
| 12:46 | Build | Farm |
| 12:49 | Build | Farm |
| 12:52 | Build | Farm |
| 12:59 | Build | Farm |
| 13:02 | Create | Villager (Male) |
| 13:35 | Create | Villager (Male) |
| 13:41 | Build | Farm |
| 13:42 | Create | Villager (Male) |
| 14:19 | Create | Villager (Male) |
| 14:23 | Build | Farm |
| 14:26 | Research | Double-Bit Axe |
| 14:29 | Build | House |
| 14:30 | Build | House |
| 14:31 | Build | House |
| 14:33 | Research | Town Watch |
| 14:55 | Create | Villager (Male) |
| 14:59 | Build | Farm |
| 15:07 | Build | Farm |
| 15:10 | Build | Farm |
| 15:12 | Build | Farm |
| 15:13 | Build | Farm |
| 15:13 | Create | Villager (Male) |
| 15:56 | Create | Villager (Male) |
| 15:57 | Create | Villager (Male) |
| 16:01 | Build | Farm |
| 16:05 | Build | House |
| 16:10 | Build | Palisade Wall |
| 16:16 | Create | Villager (Male) |
| 16:19 | Build | Farm |
| 16:26 | Create | Villager (Male) |
| 16:54 | Build | Palisade Wall |
| 17:06 | Build | House |
| 17:09 | Build | Palisade Wall |
| 17:10 | Build | Palisade Wall |
| 17:16 | Create | Villager (Male) |
| 17:48 | Build | Blacksmith |
| 18:11 | Create | Villager (Male) |
| 18:23 | Research | Castle Age |
| 18:27 | Research | Fletching |
| 18:54 | Research | Gold Mining |
| 18:57 | Create | Archer |
| 18:57 | Create | Archer |
| 19:06 | Build | Archery Range |
| 19:11 | Build | House |
| 19:30 | Create | Villager (Male) |
| 19:32 | Create | Archer |
| 19:33 | Create | Archer |
| 19:37 | Build | House |
| 20:01 | Create | Archer |
| 20:13 | Create | Archer |
| 20:14 | Create | Archer |
| 20:59 | Create | Archer |
| 20:59 | Create | Archer |
| 21:03 | Build | Archery Range |
| 21:16 | Age | Castle Age |
| 21:22 | Research | Bodkin Arrow |
| 21:28 | Create | Villager (Male) |
| 21:36 | Research | Bow Saw |
| 21:49 | Create | Villager (Male) |
| 22:03 | Create | Villager (Male) |
| 22:06 | Research | Crossbowman (upgrade) |
| 22:23 | Create | Archer |
| 22:23 | Create | Archer |
| 22:35 | Build | Town Center |
| 22:55 | Research | Wheelbarrow |
| 23:10 | Create | Villager (Male) |
| 23:17 | Build | Siege Workshop |
| 23:18 | Create | Archer |
| 23:19 | Create | Archer |
| 23:19 | Create | Archer |
| 23:29 | Create | Villager (Male) |
| 23:34 | Create | Archer |
| 23:59 | Create | Villager (Male) |
| 24:10 | Build | Outpost |
| 24:12 | Create | Villager (Male) |
| 24:15 | Create | Villager (Male) |
| 24:16 | Create | Villager (Male) |
| 24:22 | Create | Archer |
| 24:23 | Create | Archer |
| 24:23 | Create | Archer |
| 24:32 | Create | Battering Ram |
| 24:32 | Create | Battering Ram |
| 24:38 | Build | House |
| 24:44 | Create | Battering Ram |
| 24:47 | Create | Villager (Male) |
| 24:53 | Create | Villager (Male) |
| 24:53 | Create | Villager (Male) |
| 25:05 | Create | Archer |
| 25:05 | Create | Archer |
| 25:08 | Create | Villager (Male) |
| 25:09 | Create | Villager (Male) |
| 25:15 | Build | Mining Camp |
| 25:21 | Create | Archer |
| 25:21 | Create | Archer |
| 25:22 | Create | Villager (Male) |
| 25:40 | Build | House |
| 25:48 | Create | Villager (Male) |
| 25:49 | Create | Villager (Male) |
| 26:04 | Create | Archer |
| 26:22 | Create | Villager (Male) |
| 26:26 | Build | University |
| 26:40 | Research | Padded Archer Armor |
| 27:06 | Create | Battering Ram |
| 27:28 | Research | Leather Archer Armor |
Build order — docsparkles
First 150 of 304 actions detected
| 0:04 | Build | House |
| 0:05 | Create | Villager (Male) |
| 0:05 | Create | Villager (Male) |
| 0:06 | Create | Villager (Male) |
| 0:06 | Create | Villager (Male) |
| 0:07 | Build | House |
| 1:38 | Create | Villager (Male) |
| 2:09 | Create | Villager (Male) |
| 2:24 | Create | Villager (Male) |
| 2:33 | Build | Lumber Camp |
| 2:49 | Create | Villager (Male) |
| 3:01 | Create | Villager (Male) |
| 3:34 | Create | Villager (Male) |
| 4:14 | Build | House |
| 4:17 | Build | House |
| 4:25 | Create | Villager (Male) |
| 4:56 | Create | Villager (Male) |
| 4:58 | Create | Villager (Male) |
| 4:58 | Create | Villager (Male) |
| 5:17 | Create | Villager (Male) |
| 5:24 | Create | Villager (Male) |
| 5:50 | Build | House |
| 5:53 | Build | Palisade Wall |
| 6:44 | Create | Villager (Male) |
| 6:44 | Research | Loom |
| 7:22 | Build | House |
| 7:23 | Build | Palisade Wall |
| 7:39 | Build | Mill |
| 8:07 | Research | Feudal Age |
| 8:36 | Build | Palisade Wall |
| 8:38 | Create | Villager (Male) |
| 10:17 | Age | Feudal Age |
| 10:28 | Build | Town Center |
| 10:35 | Create | Villager (Male) |
| 10:35 | Create | Villager (Male) |
| 10:35 | Create | Villager (Male) |
| 12:28 | Create | Villager (Male) |
| 12:31 | Create | Villager (Male) |
| 12:32 | Create | Villager (Male) |
| 12:37 | Build | Farm |
| 12:38 | Build | Farm |
| 12:48 | Build | Farm |
| 12:53 | Create | Villager (Male) |
| 12:54 | Create | Villager (Male) |
| 12:55 | Create | Villager (Male) |
| 13:13 | Build | Farm |
| 14:22 | Create | Villager (Male) |
| 14:23 | Create | Villager (Male) |
| 14:45 | Build | Barracks |
| 15:23 | Build | Farm |
| 15:45 | Build | Archery Range |
| 15:52 | Build | Farm |
| 16:01 | Build | Farm |
| 16:01 | Create | Villager (Male) |
| 16:03 | Create | Villager (Male) |
| 16:03 | Create | Villager (Male) |
| 16:03 | Create | Villager (Male) |
| 16:04 | Create | Villager (Male) |
| 16:19 | Build | Farm |
| 16:47 | Create | Skirmisher |
| 16:47 | Create | Skirmisher |
| 16:52 | Build | Farm |
| 16:58 | Build | Farm |
| 16:58 | Create | Villager (Male) |
| 17:26 | Build | Farm |
| 17:30 | Create | Villager (Male) |
| 17:38 | Create | Villager (Male) |
| 17:46 | Build | House |
| 17:48 | Build | House |
| 17:50 | Build | House |
| 17:52 | Research | Double-Bit Axe |
| 17:55 | Create | Villager (Male) |
| 17:56 | Create | Villager (Male) |
| 18:05 | Build | Farm |
| 18:24 | Build | Palisade Wall |
| 18:29 | Build | Farm |
| 18:31 | Create | Villager (Male) |
| 18:32 | Create | Villager (Male) |
| 18:34 | Create | Villager (Male) |
| 18:55 | Build | Mining Camp |
| 18:57 | Create | Villager (Male) |
| 18:58 | Create | Villager (Male) |
| 18:59 | Create | Villager (Male) |
| 19:06 | Build | Farm |
| 19:09 | Build | Farm |
| 19:15 | Build | Farm |
| 19:16 | Create | Villager (Male) |
| 19:17 | Create | Villager (Male) |
| 19:36 | Build | Farm |
| 19:36 | Create | Villager (Male) |
| 19:39 | Create | Villager (Male) |
| 20:11 | Build | Market |
| 20:18 | Build | Farm |
| 20:21 | Build | Farm |
| 20:37 | Build | House |
| 20:54 | Create | Villager (Male) |
| 20:55 | Create | Villager (Male) |
| 20:59 | Create | Villager (Male) |
| 21:13 | Create | Villager (Male) |
| 21:39 | Build | House |
| 21:58 | Research | Castle Age |
| 22:03 | Build | Archery Range |
| 22:07 | Create | Villager (Male) |
| 22:08 | Create | Villager (Male) |
| 22:14 | Create | Skirmisher |
| 22:21 | Build | Blacksmith |
| 22:24 | Build | House |
| 22:31 | Create | Skirmisher |
| 22:37 | Build | Archery Range |
| 22:43 | Create | Skirmisher |
| 22:46 | Create | Skirmisher |
| 23:01 | Create | Skirmisher |
| 23:03 | Create | Villager (Male) |
| 23:04 | Create | Villager (Male) |
| 23:05 | Create | Villager (Male) |
| 23:09 | Build | Farm |
| 23:10 | Build | Farm |
| 23:10 | Build | Farm |
| 23:10 | Build | Farm |
| 23:10 | Build | Farm |
| 23:13 | Create | Villager (Male) |
| 23:26 | Research | Fletching |
| 23:32 | Create | Villager (Male) |
| 23:35 | Create | Skirmisher |
| 23:36 | Create | Skirmisher |
| 23:38 | Build | Farm |
| 23:48 | Build | House |
| 23:53 | Build | Farm |
| 23:54 | Create | Villager (Male) |
| 24:02 | Create | Skirmisher |
| 24:04 | Create | Skirmisher |
| 24:10 | Create | Villager (Male) |
| 24:12 | Create | Archer |
| 24:19 | Create | Skirmisher |
| 24:24 | Build | House |
| 24:34 | Build | Farm |
| 24:38 | Age | Castle Age |
| 24:46 | Research | Bodkin Arrow |
| 25:12 | Build | Castle |
| 25:21 | Build | House |
| 25:25 | Create | Villager (Male) |
| 25:25 | Create | Villager (Male) |
| 25:47 | Research | Elite Skirmisher (upgrade) |
| 26:04 | Create | Kipchak |
| 26:13 | Create | Skirmisher |
| 26:16 | Create | Villager (Male) |
| 26:16 | Create | Villager (Male) |
| 26:17 | Create | Villager (Male) |
| 26:17 | Create | Villager (Male) |
| 26:17 | Create | Villager (Male) |
Build order — TartineMiamMiam
First 150 of 318 actions detected
| 0:01 | Create | Villager (Male) |
| 0:01 | Create | Villager (Male) |
| 0:01 | Create | Villager (Male) |
| 0:02 | Create | Villager (Male) |
| 0:03 | Build | House |
| 0:04 | Build | House |
| 1:26 | Create | Villager (Male) |
| 1:50 | Build | Settlement |
| 1:57 | Build | Settlement |
| 2:02 | Create | Villager (Male) |
| 2:20 | Create | Villager (Male) |
| 2:51 | Create | Villager (Male) |
| 3:21 | Create | Villager (Male) |
| 3:21 | Create | Villager (Male) |
| 3:58 | Create | Villager (Male) |
| 4:30 | Create | Villager (Male) |
| 4:30 | Create | Villager (Male) |
| 4:30 | Create | Villager (Male) |
| 4:31 | Create | Villager (Male) |
| 5:27 | Create | Villager (Male) |
| 5:46 | Build | Settlement |
| 6:11 | Create | Villager (Male) |
| 6:32 | Build | Settlement |
| 6:38 | Create | Villager (Male) |
| 6:40 | Create | Villager (Male) |
| 7:05 | Research | Loom |
| 7:12 | Research | Feudal Age |
| 7:58 | Create | Villager (Male) |
| 7:58 | Create | Villager (Male) |
| 8:24 | Build | Barracks |
| 9:02 | Build | House |
| 9:03 | Build | Palisade Wall |
| 9:09 | Create | Unit 2550 ×5 |
| 9:27 | Build | House |
| 9:28 | Build | Palisade Wall |
| 9:41 | Age | Feudal Age |
| 9:42 | Research | Tech 1402 |
| 9:43 | Create | Unit 2550 |
| 9:51 | Build | Barracks |
| 10:12 | Create | Villager (Male) |
| 10:21 | Research | Horse Collar |
| 10:23 | Research | Double-Bit Axe |
| 10:25 | Create | Villager (Male) |
| 10:31 | Build | Farm |
| 10:35 | Create | Unit 2550 |
| 10:46 | Build | House |
| 10:50 | Build | Palisade Wall |
| 11:04 | Create | Villager (Male) |
| 11:07 | Build | Farm |
| 11:07 | Build | Farm |
| 11:24 | Create | Unit 2550 |
| 11:25 | Create | Spearman |
| 11:31 | Build | Farm |
| 12:26 | Create | Villager (Male) |
| 12:26 | Create | Villager (Male) |
| 12:29 | Build | Farm |
| 12:31 | Build | Farm |
| 12:35 | Create | Villager (Male) |
| 12:40 | Build | Blacksmith |
| 12:42 | Build | Palisade Wall |
| 12:49 | Research | Horse Collar |
| 12:55 | Create | Unit 2550 |
| 12:55 | Create | Unit 2550 |
| 13:48 | Create | Villager (Male) |
| 13:50 | Build | Farm |
| 14:10 | Research | Forging |
| 14:24 | Create | Unit 2550 |
| 14:24 | Create | Unit 2550 |
| 14:26 | Create | Villager (Male) |
| 14:30 | Build | Farm |
| 14:30 | Build | Farm |
| 14:30 | Build | Farm |
| 14:40 | Create | Villager (Male) |
| 14:57 | Build | Palisade Wall |
| 15:00 | Create | Villager (Male) |
| 15:03 | Build | Farm |
| 15:10 | Create | Unit 2550 |
| 15:10 | Create | Unit 2550 |
| 15:10 | Create | Unit 2550 |
| 15:28 | Build | House |
| 15:29 | Build | House |
| 15:31 | Build | Farm |
| 15:31 | Build | Farm |
| 15:32 | Build | Farm |
| 15:32 | Build | Farm |
| 15:41 | Create | Villager (Male) |
| 15:42 | Create | Villager (Male) |
| 15:50 | Build | House |
| 15:54 | Create | Villager (Male) |
| 16:01 | Build | House |
| 16:27 | Research | Scale Mail Armor |
| 16:44 | Create | Unit 2550 |
| 16:44 | Create | Unit 2550 |
| 16:45 | Create | Unit 2550 |
| 16:57 | Create | Unit 2550 |
| 16:57 | Create | Unit 2550 |
| 17:06 | Build | Farm |
| 17:16 | Create | Villager (Male) |
| 17:21 | Build | Farm |
| 17:22 | Build | Farm |
| 17:28 | Create | Villager (Male) |
| 17:38 | Create | Unit 2550 |
| 17:38 | Create | Unit 2550 |
| 17:56 | Build | Settlement |
| 18:07 | Create | Unit 2550 |
| 18:07 | Create | Unit 2550 |
| 18:12 | Create | Villager (Male) |
| 18:16 | Build | Farm |
| 18:20 | Build | Farm |
| 18:23 | Create | Villager (Male) |
| 18:30 | Build | House |
| 18:39 | Build | House |
| 18:39 | Build | House |
| 18:54 | Create | Unit 2550 |
| 18:54 | Create | Spearman |
| 19:10 | Create | Spearman |
| 19:11 | Create | Spearman |
| 19:29 | Build | House |
| 19:48 | Create | Villager (Male) |
| 19:54 | Create | Villager (Male) |
| 19:54 | Create | Villager (Male) |
| 20:24 | Research | Arson |
| 20:25 | Create | Villager (Male) |
| 20:26 | Create | Villager (Male) |
| 20:29 | Build | Market |
| 20:32 | Create | Villager (Male) |
| 20:40 | Build | Farm |
| 20:56 | Create | Unit 2550 |
| 20:56 | Create | Unit 2550 |
| 21:36 | Create | Villager (Male) |
| 21:40 | Build | Farm |
| 21:40 | Build | Farm |
| 21:40 | Build | Farm |
| 21:40 | Build | Farm |
| 21:50 | Create | Unit 2550 |
| 21:50 | Create | Unit 2550 |
| 22:04 | Build | House |
| 22:05 | Build | House |
| 22:28 | Build | Farm |
| 22:48 | Research | Castle Age |
| 22:48 | Research | Castle Age |
| 22:53 | Build | Farm |
| 22:53 | Build | Farm |
| 22:53 | Build | Farm |
| 23:20 | Build | Barracks |
| 23:27 | Build | Archery Range |
| 23:30 | Create | Villager (Male) |
| 23:39 | Create | Villager (Male) |
| 23:55 | Build | Settlement |
| 24:06 | Create | Unit 2550 |
Build order — Caram
First 150 of 430 actions detected
| 0:00 | Create | Villager (Male) |
| 0:00 | Create | Villager (Male) |
| 0:01 | Create | Villager (Male) |
| 0:02 | Build | House |
| 0:02 | Build | House |
| 0:11 | Create | Villager (Male) |
| 0:11 | Create | Villager (Male) |
| 1:21 | Create | Villager (Male) |
| 1:40 | Build | Lumber Camp |
| 1:57 | Create | Villager (Male) |
| 2:18 | Create | Villager (Male) |
| 2:18 | Create | Villager (Male) |
| 2:45 | Create | Villager (Male) |
| 2:45 | Create | Villager (Male) |
| 2:52 | Build | House |
| 3:03 | Create | Villager (Male) |
| 3:03 | Create | Villager (Male) |
| 3:36 | Create | Villager (Male) |
| 3:36 | Create | Villager (Male) |
| 3:38 | Build | Mill |
| 3:58 | Create | Villager (Male) |
| 3:58 | Create | Villager (Male) |
| 4:20 | Build | House |
| 4:26 | Create | Villager (Male) |
| 5:03 | Create | Villager (Male) |
| 5:03 | Create | Villager (Male) |
| 5:07 | Create | Villager (Male) |
| 5:39 | Create | Villager (Male) |
| 6:00 | Create | Villager (Male) |
| 6:05 | Create | Villager (Male) |
| 6:06 | Create | Villager (Male) |
| 6:33 | Create | Villager (Male) |
| 6:47 | Build | House |
| 6:59 | Create | Villager (Male) |
| 8:04 | Build | Mining Camp |
| 8:10 | Research | Feudal Age |
| 8:41 | Build | Farm |
| 9:08 | Create | Villager (Male) |
| 9:08 | Create | Villager (Male) |
| 9:45 | Build | Farm |
| 9:56 | Build | Farm |
| 10:24 | Age | Feudal Age |
| 10:29 | Build | Market |
| 10:32 | Build | Blacksmith |
| 11:00 | Build | Farm |
| 11:02 | Build | Farm |
| 11:25 | Research | Castle Age |
| 11:33 | Build | House |
| 11:53 | Build | House |
| 12:09 | Build | Barracks |
| 12:20 | Research | Double-Bit Axe |
| 12:58 | Create | Villager (Male) |
| 13:08 | Build | Stable |
| 13:14 | Create | Villager (Male) |
| 13:37 | Build | Farm |
| 13:45 | Build | Palisade Wall |
| 13:50 | Build | House |
| 13:51 | Age | Castle Age |
| 13:52 | Create | Knight |
| 14:00 | Create | Villager (Male) |
| 14:08 | Create | Villager (Male) |
| 14:16 | Build | House |
| 14:19 | Create | Villager (Male) |
| 14:24 | Build | Lumber Camp |
| 14:25 | Create | Villager (Male) |
| 14:28 | Create | Knight |
| 14:38 | Create | Knight |
| 14:56 | Create | Knight |
| 15:04 | Create | Knight |
| 15:07 | Build | Farm |
| 15:08 | Build | Farm |
| 15:11 | Create | Villager (Male) |
| 15:34 | Create | Villager (Male) |
| 15:34 | Create | Villager (Male) |
| 15:37 | Build | Farm |
| 15:57 | Create | Villager (Male) |
| 16:01 | Build | Farm |
| 16:02 | Build | Farm |
| 16:04 | Build | Farm |
| 16:34 | Create | Knight |
| 17:03 | Create | Villager (Male) |
| 17:05 | Create | Knight |
| 17:22 | Create | Villager (Male) |
| 17:25 | Build | Farm |
| 17:26 | Build | Farm |
| 17:38 | Build | Farm |
| 17:39 | Build | Farm |
| 17:40 | Build | Farm |
| 17:45 | Create | Knight |
| 17:45 | Create | Knight |
| 18:12 | Create | Knight |
| 18:13 | Create | Villager (Male) |
| 18:13 | Create | Villager (Male) |
| 18:17 | Build | Farm |
| 18:18 | Build | Farm |
| 18:48 | Create | Villager (Male) |
| 18:50 | Create | Villager (Male) |
| 19:03 | Build | Town Center |
| 19:05 | Create | Villager (Male) |
| 19:06 | Create | Villager (Male) |
| 19:21 | Build | Farm |
| 19:36 | Create | Villager (Male) |
| 19:38 | Research | Bow Saw |
| 19:41 | Research | Horse Collar |
| 19:46 | Build | Farm |
| 19:59 | Research | Bloodlines |
| 20:07 | Create | Knight |
| 20:22 | Create | Villager (Male) |
| 20:23 | Create | Villager (Male) |
| 20:53 | Create | Villager (Male) |
| 20:58 | Build | Farm |
| 20:58 | Build | Farm |
| 21:01 | Create | Villager (Male) |
| 21:03 | Create | Villager (Male) |
| 21:11 | Create | Villager (Male) |
| 21:48 | Create | Villager (Male) |
| 21:50 | Build | Farm |
| 21:52 | Build | Farm |
| 21:53 | Research | Heavy Plow |
| 21:54 | Research | Heavy Plow |
| 22:05 | Create | Villager (Male) |
| 22:09 | Build | Farm |
| 22:13 | Build | House |
| 22:17 | Create | Villager (Male) |
| 22:21 | Research | Loom |
| 22:22 | Research | Wheelbarrow |
| 22:26 | Create | Villager (Male) |
| 22:31 | Create | Villager (Male) |
| 22:31 | Create | Villager (Male) |
| 22:36 | Create | Villager (Male) |
| 22:39 | Build | House |
| 22:52 | Build | Farm |
| 22:52 | Create | Villager (Male) |
| 23:06 | Create | Villager (Male) |
| 23:22 | Research | Husbandry |
| 23:27 | Create | Villager (Male) |
| 23:29 | Build | Farm |
| 23:34 | Research | Scale Barding Armor |
| 24:03 | Create | Villager (Male) |
| 24:09 | Create | Villager (Male) |
| 24:13 | Build | Farm |
| 24:13 | Build | Farm |
| 24:14 | Build | Farm |
| 24:44 | Build | Farm |
| 24:44 | Create | Villager (Male) |
| 24:47 | Research | Chain Barding Armor |
| 24:48 | Research | Chain Barding Armor |
| 24:50 | Create | Knight |
| 24:50 | Create | Knight |
| 25:01 | Create | Villager (Male) |
Build order — Laggy Luke
First 150 of 283 actions detected
| 0:01 | Create | Villager (Male) |
| 0:02 | Build | House |
| 0:02 | Build | House |
| 0:05 | Create | Villager (Male) |
| 0:05 | Create | Villager (Male) |
| 0:05 | Create | Villager (Male) |
| 1:30 | Create | Villager (Male) |
| 2:06 | Build | Lumber Camp |
| 2:12 | Create | Villager (Male) |
| 2:13 | Create | Villager (Male) |
| 2:49 | Create | Villager (Male) |
| 3:04 | Create | Villager (Male) |
| 3:30 | Build | House |
| 3:37 | Create | Villager (Male) |
| 3:48 | Build | House |
| 4:18 | Create | Villager (Male) |
| 4:18 | Create | Villager (Male) |
| 4:45 | Create | Villager (Male) |
| 4:54 | Build | Mill |
| 5:07 | Create | Villager (Male) |
| 5:08 | Create | Villager (Male) |
| 5:08 | Create | Villager (Male) |
| 5:48 | Create | Villager (Male) |
| 6:02 | Create | Villager (Male) |
| 6:03 | Create | Villager (Male) |
| 6:29 | Create | Villager (Male) |
| 6:35 | Build | House |
| 7:10 | Research | Loom |
| 7:15 | Build | Barracks |
| 7:20 | Build | Palisade Wall |
| 8:07 | Research | Feudal Age |
| 8:10 | Build | Mining Camp |
| 8:40 | Build | House |
| 8:42 | Build | Palisade Wall |
| 10:15 | Build | House |
| 10:17 | Build | House |
| 10:17 | Age | Feudal Age |
| 10:21 | Build | Palisade Gate |
| 10:23 | Build | House |
| 10:37 | Build | House |
| 10:38 | Build | Palisade Wall |
| 10:41 | Build | Palisade Wall |
| 10:43 | Build | House |
| 10:44 | Build | House |
| 10:51 | Build | House |
| 10:53 | Build | Palisade Wall |
| 10:55 | Research | Man-at-Arms (upgrade) |
| 10:56 | Create | Militia |
| 10:56 | Create | Militia |
| 10:56 | Create | Militia |
| 10:56 | Create | Militia |
| 11:07 | Research | Double-Bit Axe |
| 11:09 | Create | Villager (Male) |
| 11:23 | Create | Villager (Male) |
| 11:28 | Build | Archery Range |
| 11:50 | Build | Palisade Wall |
| 11:55 | Build | House |
| 11:57 | Build | Palisade Wall |
| 11:59 | Build | Palisade Wall |
| 12:33 | Create | Archer |
| 12:34 | Create | Archer |
| 12:34 | Create | Archer |
| 12:57 | Create | Villager (Male) |
| 12:57 | Create | Villager (Male) |
| 13:34 | Create | Archer |
| 13:43 | Build | Blacksmith |
| 13:54 | Create | Villager (Male) |
| 14:34 | Create | Villager (Male) |
| 15:10 | Create | Villager (Male) |
| 15:10 | Create | Villager (Male) |
| 15:27 | Build | Farm |
| 15:30 | Build | Farm |
| 15:30 | Build | Farm |
| 15:41 | Create | Villager (Male) |
| 15:43 | Research | Horse Collar |
| 15:43 | Research | Horse Collar |
| 15:53 | Build | Farm |
| 15:54 | Build | Farm |
| 15:55 | Build | Farm |
| 15:56 | Build | Farm |
| 15:58 | Build | Farm |
| 15:59 | Build | Farm |
| 16:02 | Create | Archer |
| 16:02 | Create | Archer |
| 16:22 | Research | Fletching |
| 16:22 | Research | Fletching |
| 16:24 | Create | Archer |
| 16:35 | Build | Farm |
| 16:36 | Create | Villager (Male) |
| 17:18 | Create | Villager (Male) |
| 17:19 | Create | Archer |
| 17:19 | Create | Archer |
| 17:24 | Build | Archery Range |
| 17:26 | Build | Farm |
| 17:27 | Create | Villager (Male) |
| 17:42 | Create | Villager (Male) |
| 17:55 | Research | Gold Mining |
| 18:13 | Create | Archer ×2 |
| 18:48 | Create | Archer ×2 |
| 18:49 | Create | Villager (Male) |
| 18:49 | Create | Villager (Male) |
| 18:52 | Build | Farm |
| 18:52 | Build | Farm |
| 18:53 | Build | Farm |
| 19:21 | Create | Villager (Male) |
| 19:24 | Build | Farm |
| 19:36 | Research | Padded Archer Armor |
| 19:44 | Build | Farm |
| 19:47 | Build | Farm |
| 19:47 | Build | Farm |
| 20:00 | Build | House |
| 20:07 | Create | Spearman |
| 20:36 | Create | Archer ×5 |
| 20:39 | Research | Wheelbarrow |
| 20:39 | Research | Wheelbarrow |
| 20:41 | Create | Villager (Male) |
| 22:09 | Create | Archer |
| 22:09 | Create | Archer |
| 22:20 | Research | Castle Age |
| 23:23 | Create | Archer ×5 |
| 23:24 | Create | Villager (Male) |
| 23:25 | Create | Villager (Male) |
| 25:00 | Age | Castle Age |
| 25:09 | Research | Crossbowman (upgrade) |
| 25:10 | Research | Bodkin Arrow |
| 25:10 | Research | Bodkin Arrow |
| 25:11 | Create | Villager (Male) |
| 25:12 | Create | Villager (Male) |
| 25:15 | Build | Town Center |
| 25:19 | Build | Town Center |
| 25:24 | Create | Archer ×5 |
| 25:45 | Create | Archer ×2 |
| 26:09 | Create | Villager (Male) |
| 26:09 | Create | Villager (Male) |
| 26:25 | Create | Villager (Male) |
| 26:25 | Create | Villager (Male) |
| 26:26 | Create | Villager (Male) |
| 26:36 | Research | Bow Saw |
| 26:36 | Research | Bow Saw |
| 26:41 | Create | Villager (Male) |
| 26:41 | Create | Villager (Male) |
| 26:42 | Create | Villager (Male) |
| 27:15 | Research | Gold Shaft Mining |
| 27:17 | Research | Leather Archer Armor |
| 27:17 | Research | Leather Archer Armor |
| 27:46 | Create | Archer ×5 |
| 27:50 | Create | Villager (Male) ×5 |
| 27:53 | Build | Farm |
| 27:55 | Build | Farm |
| 27:59 | Build | Farm |
Build order — nanoushka
First 150 of 185 actions detected
| 0:00 | Create | Villager (Male) |
| 0:01 | Create | Villager (Male) |
| 0:01 | Create | Villager (Male) |
| 0:02 | Build | House |
| 0:04 | Build | House |
| 0:36 | Create | Villager (Male) |
| 0:36 | Create | Villager (Male) |
| 1:50 | Build | Lumber Camp |
| 2:13 | Create | Villager (Male) |
| 2:13 | Create | Villager (Male) |
| 2:13 | Create | Villager (Male) |
| 2:37 | Create | Villager (Male) |
| 4:06 | Create | Villager (Male) |
| 4:06 | Create | Villager (Male) |
| 4:06 | Create | Villager (Male) |
| 4:45 | Build | Mill |
| 4:48 | Create | Villager (Male) |
| 5:01 | Build | House |
| 5:03 | Build | House |
| 5:17 | Create | Villager (Male) |
| 5:27 | Create | Villager (Male) |
| 5:28 | Create | Villager (Male) |
| 6:06 | Build | Palisade Wall |
| 6:15 | Build | Palisade Wall |
| 6:17 | Build | Palisade Wall |
| 6:23 | Create | Villager (Male) |
| 6:51 | Create | Villager (Male) |
| 7:13 | Create | Villager (Male) |
| 7:18 | Research | Loom |
| 8:21 | Build | Barracks |
| 8:33 | Research | Feudal Age |
| 9:44 | Build | House |
| 9:58 | Build | Palisade Wall |
| 10:04 | Create | Villager (Male) |
| 10:04 | Create | Villager (Male) |
| 10:44 | Create | Villager (Male) |
| 10:51 | Age | Feudal Age |
| 10:54 | Build | Stable |
| 11:02 | Research | Horse Collar |
| 11:04 | Research | Double-Bit Axe |
| 11:41 | Build | Farm |
| 11:41 | Build | Farm |
| 11:41 | Build | Farm |
| 11:42 | Build | Farm |
| 11:43 | Build | Farm |
| 11:57 | Create | Scout Cavalry |
| 11:57 | Create | Scout Cavalry |
| 11:58 | Create | Scout Cavalry |
| 11:59 | Create | Villager (Male) |
| 11:59 | Create | Villager (Male) |
| 12:01 | Build | Farm |
| 12:43 | Create | Villager (Male) |
| 12:47 | Build | Farm |
| 12:48 | Build | Farm |
| 12:48 | Build | Farm |
| 12:53 | Build | Farm |
| 13:16 | Build | House |
| 13:19 | Build | House |
| 15:13 | Create | Villager (Male) |
| 15:13 | Create | Villager (Male) |
| 15:13 | Create | Villager (Male) |
| 15:15 | Create | Scout Cavalry |
| 15:15 | Create | Scout Cavalry |
| 15:18 | Build | Farm |
| 15:20 | Build | Farm |
| 15:36 | Create | Scout Cavalry |
| 15:38 | Create | Scout Cavalry |
| 15:53 | Build | Farm |
| 15:53 | Build | Farm |
| 16:04 | Build | Blacksmith |
| 16:11 | Build | Market |
| 16:39 | Build | Farm |
| 16:40 | Build | Farm |
| 16:40 | Build | Farm |
| 16:40 | Build | Farm |
| 17:01 | Build | Farm |
| 17:01 | Build | Farm |
| 17:30 | Create | Villager (Male) |
| 17:30 | Create | Villager (Male) |
| 17:30 | Create | Villager (Male) |
| 17:34 | Create | Spearman |
| 17:35 | Create | Spearman |
| 17:35 | Create | Spearman |
| 18:01 | Build | House |
| 18:02 | Build | House |
| 18:08 | Build | Mining Camp |
| 18:48 | Create | Villager (Male) |
| 18:48 | Create | Villager (Male) |
| 18:48 | Create | Villager (Male) |
| 18:51 | Research | Gold Mining |
| 19:23 | Create | Villager (Male) |
| 19:41 | Research | Castle Age |
| 19:42 | Create | Villager (Male) |
| 19:42 | Create | Villager (Male) |
| 19:56 | Build | Stable |
| 20:32 | Create | Villager (Male) |
| 20:32 | Create | Villager (Male) |
| 21:35 | Create | Scout Cavalry |
| 21:36 | Create | Scout Cavalry |
| 21:37 | Research | Bloodlines |
| 22:21 | Age | Castle Age |
| 22:29 | Build | Town Center |
| 23:20 | Research | Husbandry |
| 23:21 | Create | Knight ×5 |
| 23:41 | Create | Villager (Male) |
| 23:43 | Create | Villager (Male) |
| 24:04 | Create | Villager (Male) |
| 24:14 | Create | Villager (Male) ×5 |
| 25:04 | Create | Villager (Male) ×5 |
| 25:07 | Create | Knight ×3 |
| 25:12 | Research | Scale Barding Armor |
| 25:49 | Create | Villager (Male) ×5 |
| 25:51 | Create | Knight |
| 26:15 | Create | Knight |
| 26:20 | Create | Villager (Male) ×5 |
| 26:29 | Build | House |
| 26:31 | Build | House |
| 26:33 | Build | House |
| 26:45 | Create | Knight |
| 26:53 | Create | Villager (Male) ×4 |
| 27:01 | Create | Villager (Male) ×5 |
| 27:50 | Create | Knight ×2 |
| 28:35 | Build | Palisade Wall |
| 28:46 | Build | Farm |
| 28:46 | Build | Farm |
| 28:47 | Build | Farm |
| 28:47 | Build | Farm |
| 28:47 | Build | Farm |
| 28:48 | Build | Farm |
| 28:48 | Build | Farm |
| 28:48 | Build | Farm |
| 28:49 | Build | Farm |
| 28:54 | Create | Villager (Male) ×5 |
| 29:10 | Create | Knight ×3 |
| 29:29 | Build | Stone Wall |
| 29:44 | Build | Building 490 |
| 29:50 | Build | House |
| 29:50 | Build | House |
| 29:52 | Build | House |
| 30:17 | Create | Villager (Male) ×5 |
| 30:21 | Build | Farm |
| 30:22 | Create | Villager (Male) ×2 |
| 30:32 | Create | Knight |
| 30:38 | Build | Farm |
| 30:41 | Build | Farm |
| 30:49 | Build | Farm |
| 30:52 | Research | Heavy Plow |
| 30:59 | Create | Knight |
| 31:17 | Create | Villager (Male) ×4 |
| 31:50 | Create | Villager (Male) ×5 |
Match timeline
| 4:53 | Chili · wall_segment Palisade Wall x1 |
| 5:18 | Chili · first_building Barracks |
| 5:23 | Confiturier · first_building Barracks |
| 5:53 | docsparkles · wall_segment Palisade Wall x12 |
| 6:06 | nanoushka · wall_segment Palisade Wall x3 |
| 6:15 | nanoushka · wall_segment Palisade Wall x7 |
| 6:17 | nanoushka · wall_segment Palisade Wall x5 |
| 7:15 | Laggy Luke · first_building Barracks |
| 7:20 | Laggy Luke · wall_segment Palisade Wall x3 |
| 7:23 | docsparkles · wall_segment Palisade Wall x1 |
| 8:21 | nanoushka · first_building Barracks |
| 8:24 | TartineMiamMiam · first_building Barracks |
| 8:32 | GdR_Salinaro · first_building Barracks |
| 8:36 | docsparkles · wall_segment Palisade Wall x14 |
| 8:42 | Laggy Luke · wall_segment Palisade Wall x6 |
| 9:03 | TartineMiamMiam · wall_segment Palisade Wall x3 |
| 9:21 | Confiturier · age_up feudal |
| 9:28 | TartineMiamMiam · wall_segment Palisade Wall x1 |
| 9:41 | TartineMiamMiam · age_up feudal |
| 9:42 | Chili · age_up feudal |
| 9:43 | GdR_Salinaro · age_up feudal |
| 9:43 | Chili · first_building Archery Range |
| 9:53 | GdR_Salinaro · first_building Stable |
| 9:58 | nanoushka · wall_segment Palisade Wall x4 |
| 10:17 | Laggy Luke · age_up feudal |
| 10:17 | docsparkles · age_up feudal |
| 10:24 | Caram · age_up feudal |
| 10:38 | Laggy Luke · wall_segment Palisade Wall x1 |
| 10:41 | Laggy Luke · wall_segment Palisade Wall x1 |
| 10:50 | TartineMiamMiam · wall_segment Palisade Wall x6 |
| 10:51 | nanoushka · age_up feudal |
| 10:51 | GdR_Salinaro · wall_segment Palisade Wall x3 |
| 10:53 | Laggy Luke · wall_segment Palisade Wall x1 |
| 10:54 | nanoushka · first_building Stable |
| 11:19 | Caram · first_market_sell 100 stone |
| 11:21 | Caram · first_market_buy 100 food |
| 11:28 | Laggy Luke · first_building Archery Range |
| 11:50 | Laggy Luke · wall_segment Palisade Wall x1 |
| 11:57 | Laggy Luke · wall_segment Palisade Wall x1 |
| 11:59 | Laggy Luke · wall_segment Palisade Wall x1 |
| 12:09 | Caram · first_building Barracks |
| 12:38 | GdR_Salinaro · wall_segment Palisade Wall x1 |
| 12:42 | TartineMiamMiam · wall_segment Palisade Wall x3 |
| 13:08 | Caram · first_building Stable |
| 13:45 | Caram · wall_segment Palisade Wall x1 |
| 13:51 | Caram · age_up castle |
| 14:45 | docsparkles · first_building Barracks |
| 14:57 | TartineMiamMiam · wall_segment Palisade Wall x15 |
| 15:30 | Confiturier · first_building Archery Range |
| 15:45 | docsparkles · first_building Archery Range |
| 16:10 | Chili · wall_segment Palisade Wall x4 |
| 16:54 | Chili · wall_segment Palisade Wall x8 |
| 17:09 | Chili · wall_segment Palisade Wall x3 |
| 17:10 | Chili · wall_segment Palisade Wall x4 |
| 17:15 | GdR_Salinaro · wall_segment Palisade Wall x9 |
| 18:24 | docsparkles · wall_segment Palisade Wall x1 |
| 19:36 | nanoushka · first_market_sell 100 wood |
| 20:30 | Confiturier · wall_segment Palisade Wall x1 |
| 21:16 | Chili · age_up castle |
| 21:21 | docsparkles · first_market_buy 100 food |
| 21:28 | docsparkles · first_market_sell 100 wood |
| 21:41 | GdR_Salinaro · age_up castle |
| 21:58 | TartineMiamMiam · first_market_sell 100 wood |
| 22:00 | TartineMiamMiam · first_market_buy 100 food |
| 22:21 | nanoushka · age_up castle |
| 23:17 | Chili · first_building Siege Workshop |
| 23:27 | TartineMiamMiam · first_building Archery Range |
| 23:29 | Confiturier · age_up castle |
| 24:35 | GdR_Salinaro · first_building Monastery |
| 24:38 | docsparkles · age_up castle |
| 25:00 | Laggy Luke · age_up castle |
| 25:12 | docsparkles · first_building Castle |
| 25:28 | TartineMiamMiam · age_up castle |
| 25:53 | Confiturier · wall_segment Palisade Wall x1 |
| 25:55 | Confiturier · wall_segment Palisade Wall x5 |
| 26:00 | Confiturier · wall_segment Palisade Wall x3 |
| 26:38 | Confiturier · wall_segment Palisade Wall x1 |
| 26:43 | docsparkles · first_building Stable |
| 27:05 | Confiturier · wall_segment Palisade Wall x1 |
| 28:35 | nanoushka · wall_segment Palisade Wall x11 |
| 28:46 | Confiturier · first_building Monastery |
| 29:29 | nanoushka · wall_segment Stone Wall x4 |
| 31:05 | Laggy Luke · first_building Siege Workshop |
| 31:24 | Caram · first_building Monastery |
| 31:25 | TartineMiamMiam · wall_segment Palisade Wall x1 |
| 31:26 | TartineMiamMiam · wall_segment Palisade Wall x1 |
| 31:58 | GdR_Salinaro · first_building Castle |
| 32:11 | Chili · first_market_buy 100 food |
| 32:15 | docsparkles · first_building Siege Workshop |
| 32:15 | Confiturier · first_market_buy 100 wood |
| 32:29 | nanoushka · first_market_buy 100 stone |
| 32:45 | Chili · first_building Castle |
| 33:30 | Laggy Luke · first_market_buy 100 wood |
| 33:41 | Chili · first_market_sell 100 wood |
| 34:50 | Caram · first_building Castle |
| 34:58 | Caram · age_up imperial |
| 36:12 | Confiturier · first_building Siege Workshop |
| 36:47 | Laggy Luke · first_building Monastery |
| 36:49 | GdR_Salinaro · age_up imperial |
| 36:56 | Chili · age_up imperial |
| 38:00 | docsparkles · age_up imperial |
| 38:14 | TartineMiamMiam · first_building Monastery |
| 38:30 | Laggy Luke · first_market_sell 100 wood |
| 41:13 | TartineMiamMiam · wall_segment Palisade Wall x1 |
| 41:15 | TartineMiamMiam · wall_segment Palisade Wall x1 |
| 41:25 | nanoushka · tribute_sent a jugador 1 |
| 41:25 | nanoushka · tribute_sent a jugador 2 |
| 41:25 | nanoushka · tribute_sent a jugador 3 |
| 41:25 | nanoushka · tribute_sent a jugador 4 |
| 41:25 | nanoushka · tribute_sent a jugador 5 |
| 41:25 | nanoushka · tribute_sent a jugador 6 |
| 41:25 | nanoushka · tribute_sent a jugador 7 |
| 41:42 | Laggy Luke · age_up imperial |
| 42:12 | Confiturier · resign |
[ AI ANALYSIS · 1 CREDIT ]
What really happened in this match?
Wolo.gg analyzes every decision: build order, eco, micro, common mistakes by bracket. Personalized analysis on WhatsApp or Discord in 30 seconds.
Civ guide
Inca
Map guide
Arabia
Perfil
Jugador #17530735